 Dungeon Crawl Stone Soup version 0.31.0-32-g396128a36d (webtiles) character file.

Game seed: 12130805648420841187

36 monsoonserge the Cudgeller (level 3, 0/26 HPs)
             Began as an Octopode Cinder Acolyte on Mar 19, 2024.
             Was a High Priest of Ignis.
             Slain by a gnoll
             ... wielding a +0 spear
              (5 damage)
             ... on level 2 of the Dungeon.
             The game lasted 00:03:02 (1528 turns).

monsoonserge the Cudgeller (OpCA)                   Turns: 1528, Time: 00:03:02

Health: 0/26       AC:  1    Str: 15    XL:     3   Next: 37%
Magic:  0/4        EV: 12    Int: 16    God:    Ignis [*****.]
Gold:   143        SH:  5    Dex:  7    Spells: 2/4 levels left

rFire   + . .        a - -1 mace (flame)
rCold   . . .        (no shield)
rNeg    . . .        (helmet restricted)
rPois   .            k - amulet of reflection
rElec   .            (no ring)
rCorr   .            (no ring)
SInv    .            (no ring)
Will    .....        (no ring)
Stlth   ++           (no ring)
HPRegen 0.24/turn    (no ring)
MPRegen 0.09/turn    (no ring)
                     (no ring)

%: reflection
@: no status effects
A: almost no armour, amphibious, 8 rings, camouflage 1, gelatinous body 1,
(nimble swimmer 1), tentacles
a: Renounce Religion, Fiery Armour, Foxfire Swarm, Rising Flame


You were on level 2 of the Dungeon.
You worshipped Ignis.
Ignis was extremely pleased with you.
You visited 1 branch of the dungeon, and saw 2 of its levels.

You collected 143 gold pieces.

Inventory:

Hand Weapons
 a - a -1 mace of flaming (weapon)
Missiles
 c - 4 poisoned darts (quivered)
Jewellery
 k - an amulet of reflection (around mantle)
Scrolls
 b - a scroll of enchant weapon {unknown}
 d - a scroll of poison {unknown}
 e - a scroll of revelation {unknown}
 f - 2 scrolls of immolation {unknown}
 j - a scroll of teleportation {unknown}
Potions
 g - a potion of attraction {unknown}
 h - a potion of heal wounds
 i - a potion of degeneration {unknown}


   Skills:
 + Level 3.3 Fighting
 + Level 3.6 Maces & Flails
 + Level 0.4 Dodging
 + Level 1.5 Stealth
 - Level 1.0 Spellcasting
 + Level 3.1 Fire Magic


You had 2 spell levels left.
You knew the following spells:

 Your Spells              Type           Power      Damage    Failure   Level
a - Scorch                Fire           20%        2d5       10%         2

Your spell library contained the following spells:

 Spells                   Type           Power      Damage    Failure   Level
 Tukima's Dance           Hex            0%         N/A       56%         3
 Passage of Golubria      Tloc           0%         N/A       92%         4
 Yara's Violent Unravell  Hex/Alch       0%         3d3       99%         5


Dungeon Overview and Level Annotations

Branches:
Dungeon (2/15)

Altars:


Innate Abilities, Weirdness & Mutations

You cannot wear most types of armour.
You are amphibious.
You can wear up to eight rings at the same time.
Your skin changes colour to match your surroundings (Stealth+).
Your rubbery body absorbs attacks. (AC +1, EV +1)
((You are camouflaged when in or above water. (Stealth+)))
You have tentacles for arms and can constrict up to eight enemies at once.


Message History

Found 7 gold pieces.
The gnoll shouts! x2
The gnoll attacks as it pursues you! The gnoll hits you with a +0 club!
You barely miss the gnoll. Your grab misses the gnoll.
The gnoll hits you with a +0 club.
You barely miss the gnoll. You grab the gnoll. You squeeze the gnoll.
The gnoll is lightly wounded.
You constrict the gnoll. The gnoll hits you with a +0 club.
The gnoll closely misses you.
You hit the gnoll. You burn the gnoll.
The gnoll is moderately wounded.
You constrict the gnoll. The gnoll barely misses you.
You block the gnoll's attack. The gnoll hits you with a +0 club.
* * * LOW HITPOINT WARNING * * *
Okay, then.
It was a potion of heal wounds.
You feel much better.
You constrict the gnoll, but do no damage.
You block the gnoll's attack. The gnoll hits you with a +0 club.
Casting: Scorch (safe; 10% risk of failure)
Confirm with . or Enter, or press ? or * to list all spells.
Okay, then.
Unknown command.
Casting: Scorch (safe; 10% risk of failure)
Confirm with . or Enter, or press ? or * to list all spells.
Flames lash the gnoll.
The gnoll is almost dead.
The gnoll's fire resistance burns away.
You constrict the gnoll.
The gnoll hits you from afar with a +0 spear.
The gnoll hits you with a +0 club.
Casting: Scorch (safe; 10% risk of failure)
Confirm with . or Enter, or press ? or * to list all spells.
Flames lash the gnoll.
You kill the gnoll!
The gnoll hits you from afar with a +0 spear!
* * * LOW HITPOINT WARNING * * *
Unknown command.
You barely miss the gnoll. You grab the gnoll. You squeeze the gnoll.
You kill the gnoll!
The gnoll hits you from afar with a +0 spear.
You die...

# #.# #
#.# # #.#
#...# #.#
#....# #.#
#..#..##.#
#..##g.#.#
$.###..#.#
..###.g#@#
##..#)#
#..g.#
##...#
##..# ####


You could see a gnoll.

Vanquished Creatures
  2 gnolls (D:2)
  3 endoplasms (D:1)
  A giant cockroach (D:1)
  2 goblins (D:2)
  3 hobgoblins (D:1)
  3 jackals (D:2)
  A quokka (D:1)
  2 ball pythons (D:2)
  2 bats
  A frilled lizard (D:1)
  2 kobolds
  4 rats
26 creatures vanquished.

Notes
Turn   | Place    | Note
-------+----------+-------------------------------------------
     0 | D:1      | monsoonserge the Octopode Cinder Acolyte began the quest
                  | for the Orb.
     0 | D:1      | Reached XP level 1. HP: 16/16 MP: 2/2
   412 | D:1      | Reached XP level 2. HP: 19/21 MP: 3/3
   428 | D:1      | Learned a level 2 spell: Scorch
  1381 | D:2      | Reached skill level 1 in Stealth
  1381 | D:2      | Reached XP level 3. HP: 26/26 MP: 4/4
  1528 | D:2      | Slain by a gnoll

Illustrated notes

Levels and vault maps discovered:
D:1:      roderic_crop_circles_arrival_small, layout_basic, serial_bayou,
          serial_bayou_ford_a, serial_bayou_pond_b, serial_bayou_shore_a,
          serial_bayou_pond_d, serial_bayou_lake_a, serial_bayou_shore_b
D:2:      layout_loops_ring, hangedman_glass_teeth, minmay_misc_feat_room

Skill      XL: |  1  2 |
---------------+-------+-----
Stealth        | 1 |  1.5
Fighting       | |  3.3
Maces & Flails | |  3.6
Dodging        | |  0.4
Spellcasting   | |  1.0
Fire Magic     | |  3.1

Action                     || total
---------------------------++-------
  Melee: Mace              ||    52
         Tentacles         ||    11
         Constrict         ||    10
   Cast: Scorch            ||     2
    Use: Potion            ||     1
   Stab: Sleeping          ||     6
         Distracted        ||     1
 Armour: Skin              ||    28
  Dodge: Dodged            ||    32
  Block: Other             ||     2
